Map: Moonlight Madness LE (Void)

Players

PengWin

  • Race: Zerg Zerg
  • League: Master

Bobby (TheStC) - Winner!

  • Race: Terran Terran
  • League: Master

Event: Lycan League Weekly July #1

VOD

Have the link to the VOD?

Description

Time

  • Played on: July 20, 2015, 1:22 p.m.
  • Length: 8:24

All games in this series

Show
View Real Time Build Order
Export as new Build Order

PengWin Zerg 

Build Orders: Hatch First 

Get SALT Encoding   

  12  0:01  Drone  
  13  0:09  Drone  
  14  0:14  Extractor  
  14  0:15  Drone  
  15  0:38  Hatchery  
  14  0:44  Extractor  
  14  0:45  Drone  
  15  0:58  Spawning Pool  
  15  1:03  Extractor  
  15  1:04  Drone  
  14  1:06  Extractor  
  14  1:08  Drone  
  16  1:14  Overlord  
  16  1:33  Drone x2  
  16  1:36  Drone  
  19  1:45  Queen  
  21  1:47  Zergling x2  
  21  1:50  Queen  
  21  1:52  Overlord  
  24  1:58  Drone  
  25  2:03  Drone  
  26  2:09  Zergling x2  
  26  2:12  Zergling x2  
  28  2:19  Drone  
  28  2:20  Queen  
  30  2:36  Drone  
  30  2:37  Drone x2  
  32  2:42  Extractor  
  32  2:43  Extractor, Queen  
  33  2:47  Overlord  
  33  2:52  Drone x2  
  35  3:00  Drone  
  43  3:05  Drone x8  
  44  3:29  Overlord x2  
  44  3:38  Hatchery  
  43  3:44  Drone  
  44  3:48  Lair  
  44  3:50  Extractor  
  44  3:51  Extractor  
  44  3:54  Drone x2  
  44  3:55  Evolution Chamber x2  
  43  3:57  Roach Warren  
  43  4:01  Drone x3  
  44  4:06  Drone  
  44  4:07  Drone x2  
  47  4:27  Drone x4  
  51  4:36  Zerg Missile Weapons Level 1, Zerg Ground Armor Level 1  
  51  4:38  Drone  
  52  4:39  Drone  
  52  4:40  Drone  
  52  4:44  Drone x6  
  60  4:54  Glial Reconstitution  
  60  4:57  Overlord x2  
  60  4:59  Queen  
  62  5:10  Drone x2  
  62  5:13  Drone x2  
  66  5:17  Roach x4  
  66  5:18  Roach  
  76  5:30  Roach  
  76  5:31  Overlord, Roach x2  
  76  5:32  Overlord x2  
  82  5:46  Overlord x2  
  82  6:03  Roach  
  82  6:04  Roach x10  
  104  6:13  Roach x8  
  104  6:16  Overlord  
  120  6:33  Drone x4, Spire, Extractor  
  120  6:34  Drone x4  
  120  6:35  Extractor  
  123  6:49  Roach  
  123  6:50  Roach x2  
  123  6:51  Drone, Overlord x2  
  130  7:06  Drone x2  
  130  7:07  Drone  
  117  7:28  Drone  
  117  7:29  Drone x6  
  124  7:41  Overlord  
  124  7:42  Overlord  
  124  7:46  Mutalisk  
  124  7:47  Mutalisk x5  
  136  7:56  Mutalisk  
  136  7:57  Mutalisk x5  
Show
View Real Time Build Order
Export as new Build Order

Bobby Terran - Winner!

Build Orders: Hellion Opening, Reaper Expand, MMM Bio 

Get SALT Encoding   

  12  0:01  SCV  
  13  0:13  SCV  
  14  0:17  Supply Depot  
  14  0:25  SCV  
  15  0:39  SCV  
  15  0:40  Barracks  
  16  0:43  Refinery  
  16  0:51  SCV  
  17  1:03  SCV  
  18  1:16  SCV  
  19  1:29  Reaper  
  19  1:30  Orbital Command  
  20  1:40  Command Center  
  20  1:51  Supply Depot  
  20  1:55  SCV  
  20  2:01  Marine  
  22  2:05  Factory  
  22  2:08  SCV  
  23  2:20  SCV  
  24  2:28  Barracks Reactor  
  24  2:32  SCV  
  25  2:39  Command Center  
  25  2:46  SCV  
  26  2:55  Orbital Command  
  26  2:58  SCV  
  27  3:09  Hellion x2  
  27  3:11  SCV, Barracks Tech Lab  
  32  3:22  SCV  
  32  3:24  SCV  
  34  3:30  Hellion x2  
  34  3:32  Stimpack  
  34  3:33  Barracks  
  38  3:36  Barracks  
  38  3:39  Marine  
  39  3:42  SCV  
  39  3:43  SCV  
  41  3:52  Supply Depot  
  41  3:54  Hellion x2  
  45  3:57  Orbital Command  
  45  3:58  SCV x2, Refinery  
  45  4:01  Marine  
  48  4:09  Refinery  
  48  4:10  Refinery  
  48  4:12  SCV  
  48  4:13  SCV  
  50  4:19  Starport, Marine  
  51  4:25  Barracks Reactor  
  51  4:26  Factory Reactor  
  51  4:32  Orbital Command  
  51  4:35  Supply Depot, SCV x2  
  53  4:39  Marine  
  53  4:40  Marine x2  
  53  4:42  Barracks x2  
  56  4:47  SCV  
  56  4:49  SCV  
  58  4:56  Engineering Bay  
  58  4:59  SCV  
  59  5:00  Engineering Bay  
  59  5:01  SCV  
  59  5:02  Marauder, Marine x4  
  66  5:08  SCV  
  67  5:16  SCV x2  
  67  5:18  Factory Reactor  
  67  5:20  Medivac x2  
  73  5:24  SCV  
  73  5:27  Marine x3  
  77  5:29  Supply Depot  
  77  5:31  Supply Depot  
  77  5:38  Terran Infantry Weapons Level 1, Terran Infantry Armor Level 1  
  77  5:39  Combat Shields  
  77  5:40  Barracks Reactor  
  77  5:41  Barracks Reactor  
  77  5:51  SCV x3, Marine  
  77  5:52  Refinery  
  81  5:57  Medivac x2  
  81  6:02  Supply Depot  
  82  6:04  Marine  
  82  6:05  Bunker, Marine x2  
  82  6:06  Marauder  
  82  6:07  SCV x2  
  82  6:09  SCV  
  90  6:13  Factory Tech Lab  
  90  6:19  SCV  
  90  6:22  Marine x2  
  90  6:24  Marine x2  
  95  6:27  Marauder  
  95  6:30  SCV x2  
  95  6:32  Marine  
  100  6:33  Supply Depot  
  100  6:34  Armory  
  100  6:42  Marine  
  101  6:54  Marine x3  
  101  6:55  Siege Tank, Marauder  
  101  6:59  Supply Depot  
  101  7:00  Supply Depot  
  101  7:01  Marine  
  109  7:08  SCV, Marine x2  
  101  7:09  SCV, Marine  
  101  7:10  Medivac  
  101  7:19  Marauder  
  101  7:20  SCV, Medivac  
  101  7:23  Marine x2  
  101  7:27  Marine x4  
  101  7:28  SCV  
  101  7:29  Marine  
  104  7:30  Marine  
  104  7:33  Supply Depot  
  104  7:34  Supply Depot  
  101  7:40  Marine  
  101  7:41  Marine, Marauder  
  105  7:44  Marine x2  
  105  7:51  Marine x3  
  107  7:52  Marine  
  111  7:58  Marine x2  
  111  7:59  Orbital Command  
  111  8:02  Marine, Marauder  

Tags
 
Add a new tag
Caveats
  • Supply blocks, unpowered buildings, or Contaminate may cause inaccurate times.
  • Supply counts are checked every 10 seconds.